 Dungeon Crawl Stone Soup version 0.17-a0-1176-g3d5a0d0 (webtiles) character file.

1863 Bull the Blocker (level 8, -1/73 HPs)
             Began as a Minotaur Fighter on May 30, 2015.
             Killed from afar by a steam dragon (12 damage)
             ... with a ball of steam
             ... on level 6 of the Dungeon.
             The game lasted 00:05:57 (1583 turns).

Bull the Blocker (Minotaur Fighter)                 Turns: 1583, Time: 00:05:57

Health: -1/73      AC: 10    Str: 25    XL:     8   Next: 90%
Magic:  7/7        EV: 10    Int:  5    God:
Gold:   44         SH: 19    Dex: 13    Spells: 0 memorised, 7 levels left

rFire  . . .     SeeInvis .     a - +0 war axe
rCold  . . .     Clarity  .     b - +0 scale mail
rNeg   . . .     SustAt   .     f - +2 large shield
rPois  .         Gourm    .     (helmet restricted)
rElec  .         Spirit   .     (no cloak)
rCorr  .         Warding  .     (no gloves)
rMut   .         Stasis   .     j - +1 pair of boots
MR     .....                    (no amulet)
Stlth  ..........               (no ring)
                                g - +1 ring of evasion

@: mighty, not resistant to hostile enchantments, extremely unstealthy
A: retaliatory headbutt, horns 2
a: no special abilities


You were on level 6 of the Dungeon.
You were hungry.

You visited 1 branch of the dungeon, and saw 6 of its levels.
You also visited: Sewer.

You collected 44 gold pieces.

Inventory:

Hand weapons
 a - a +0 war axe (weapon)
Armour
 b - a +0 scale mail (worn)
 c - a +0 shield
 f - a +2 large shield (worn)
 j - a +1 pair of boots (worn)
 n - a troll hide {Purgy}
Jewellery
 g - a +1 ring of evasion (left hand)
 s - an uncursed ring of wizardry {unknown}
Magical devices
 h - a wand of draining (11)
Scrolls
 d - a scroll of fear {unknown}
 i - a scroll of remove curse {unknown}
 m - a scroll of random uselessness {unknown}
 o - a scroll of blinking {unknown}
 r - a scroll of teleportation
Potions
 k - a potion of heal wounds {unknown}
 q - a potion of agility {unknown}
Comestibles
 e - a bread ration
 l - a meat ration
 t - a chunk of flesh


   Skills:
 + Level 7.0 Fighting
 + Level 6.0 Axes
 + Level 7.1 Armour
 + Level 4.4 Dodging
 + Level 8.6 Shields


You had 7 spell levels left.
You didn't know any spells.

Dungeon Overview and Level Annotations

Branches:
Dungeon (6/15)
 Temple: D:4-7

Altars:
Yredelemnul


Innate Abilities, Weirdness & Mutations

You reflexively headbutt those who attack you in melee.
You have a pair of horns on your head.


Message History

You block the hill giant's attack.
You slash the hill giant!
The hill giant is moderately wounded.
The hill giant hits you with a giant spiked club!!
You barely miss the hill giant. You headbutt the hill giant!
The hill giant is heavily wounded.
The hill giant hits you with a giant spiked club!
* * * LOW HITPOINT WARNING * * *
You slash the hill giant!
The hill giant is severely wounded.
The hill giant closely misses you.
You slash the hill giant! You headbutt the hill giant!
You kill the hill giant!
Your Fighting skill increases to level 7!
Your Axes skill increases to level 6!
Your Armour skill increases to level 7!
Your Dodging skill increases to level 4!
Your Shields skill increases to level 8!
The steam dragon breathes steam at you. The ball of steam hits you!
You die...

.>..###########.###..#
##.....†.......## ##.#
....###########.###..#
##..# ##.#.#.# #..#
##.##.# #..# #.##.#
##..####### #########
..........#
##.###...##
......###.#
#.@.#..#..# ....#.#
#.# #D#...###.#
##..#.# #.#
#.#####.#.# ....#.#
#.### #. #.#..#
....#.# #...# #.
#.###.# #####.# ###.#
#. ## #..# ......# #.#
#. ##.# ###########.#
## #..# ............#
### ##.#


You could see a steam dragon.

Vanquished Creatures
  A hill giant (D:6)
  Prince Ribbit (D:6)
  The ghost of Hanyuu the Insei, an average OpTm (D:3)
  An ice beast (D:6)
  Purgy (Sewer)
  2 black bears (D:6)
  2 centaurs
  2 giant frogs (D:6)
  A scorpion (D:6)
  A crimson imp (D:6)
  2 orc priests (D:4)
  A giant frog skeleton (D:5)
  A hound (D:6)
  3 worker ants (D:6)
  2 orc wizards (D:4)
  5 adders
  2 river rats (D:6)
  A giant gecko (D:6)
  4 orcs (D:4)
  A bat (D:6)
  3 giant cockroaches
  2 goblins
  3 hobgoblins
  6 kobolds
  A ball python (D:4)
  2 giant newts
  3 jackals (D:3)
  4 rats
59 creatures vanquished.

Notes
Turn   | Place    | Note
--------------------------------------------------------------
     0 | D:1      | Bull the Minotaur Fighter began the quest for the Orb.
     0 | D:1      | Reached XP level 1. HP: 19/19 MP: 0/0
    73 | D:2      | Reached skill level 4 in Armour
    73 | D:2      | Reached XP level 2. HP: 24/27 MP: 1/1
   109 | D:3      | Noticed Hanyuu's ghost (average OpTm)
   116 | D:3      | Killed Hanyuu's ghost
   116 | D:3      | Reached skill level 5 in Armour
   116 | D:3      | Reached XP level 3. HP: 23/34 MP: 2/2
   116 | D:3      | Reached XP level 4. HP: 27/41 MP: 3/3
   262 | D:4      | Reached XP level 5. HP: 27/47 MP: 4/4
   430 | D:4      | Reached skill level 5 in Fighting
   430 | D:4      | Reached skill level 5 in Shields
   526 | D:5      | Entered Level 5 of the Dungeon
   534 | D:5      | Reached XP level 6. HP: 49/56 MP: 5/5
   535 | D:5      | Found a basalt altar of Yredelemnul.
   535 | D:5      | Noticed a centaur
   544 | D:5      | Killed a centaur
   544 | D:5      | Reached skill level 1 in Dodging
   783 | D:6      | Reached XP level 7. HP: 60/62 MP: 6/6
   801 | D:6      | Reached skill level 6 in Shields
   823 | D:6      | Found a glowing drain.
   837 | D:6      | Noticed Prince Ribbit
   886 | Sewer    | Entered a sewer
   941 | Sewer    | Noticed Purgy
   949 | Sewer    | Killed Purgy
  1062 | D:6      | Reached skill level 5 in Axes
  1322 | D:6      | Reached XP level 8. HP: 66/70 MP: 7/7
  1355 | D:6      | Reached skill level 7 in Shields
  1460 | D:6      | Killed Prince Ribbit
  1575 | D:6      | Noticed a hill giant
  1575 | D:6      | Noticed a steam dragon
  1583 | D:6      | Killed a hill giant
  1583 | D:6      | Reached skill level 8 in Shields
  1583 | D:6      | Killed from afar by a steam dragon

Vault maps used:
D:1:      tarquinn_simple_flora_water_a
D:3:      first_bread
D:4:      old_standard_altar, kennysheep_nondescript
D:5:      old_standard_altar, basic_altar
D:6:      zin_statuary, portal_sewer_entry_a, minmay_small_thing,
          uniq_prince_ribbit1
Sewer:    kennysheep_door_sewer

Action                   |  1- 3 |  4- 6 |  7- 9 || total
-------------------------+-------+-------+-------++-------
Melee: War axe           |    13 |    62 |   159 ||   234
  Use: Potion            |     1 |       |     2 ||     3
       Scroll            |       |     2 |       ||     2
  Eat: Chunk             |       |       |     2 ||     2
